[Event "XVII MetLife Najdorf Open 2017"]
[Site "Warsaw"]
[Date "2017.07.10"]
[Round "2.33"]
[White "Reza, Wojciech"]
[Black "Prasanna Raghuram Rao"]
[Result "0-1"]
[ECO "B40"]
[WhiteElo "2258"]
[BlackElo "2466"]
[Annotator "ChessBase"]
[PlyCount "156"]
[EventDate "2017.??.??"]
[EventType "swiss"]
[EventCountry "POL"]
[SourceTitle "playchess.com"]
[Source "ChessBase"]
[SourceQuality "1"]
[TimeControl "40/5400+30:1800+30"]

1. e4 c5 2. Nf3 e6 3. b3 b6 4. Bd3 Bb7 5. O-O d6 6. Bb2 Nd7 7. Qe2 Ngf6 8. c3 g6 9. Bc2 Bg7 10. d4 O-O 11. Nbd2 Rc8 12. Rac1 Qc7 13. Bd3 Qb8 14. Rfe1 Rfd8 15. Ba6 Bxa6 16. Qxa6 b5 17. a4 bxa4 18. Qxa4 Nb6 19. Qa6 d5 20. e5 Nfd7 21. Ba3 Rc6 22. Ra1 Rdc8 23. Bxc5 Nxc5 24. dxc5 Rxc5 25. c4 dxc4 26. Nxc4 R8c7 27. Nxb6 axb6 28. b4 Rd5 29. Rad1 Ra7 30. Qe2 Rad7 31. g3 Qd8 32. Rc1 h6 33. Qa6 Qe7 34. Qxb6 Rb7 35. Rc8+ Kh7 36. Qc6 Qxb4 37. Rc7 Rxc7 38. Qxc7 Rd3 39. Re3 Rxe3 40. fxe3 Kg8 41. Qd8+ Bf8 42. Kf2 Qb2+ 43. Kf1 Qc2 44. Qd2 Qe4 45. Ke2 Qa8 46. Qc3 Qb7 47. Qd4 Kg7 48. Kf2 Qb5 49. Qc3 Qa4 50. Nd2 Qa8 51. Qd4 Qh1 52. Nf3 Qc1 53. Qd2 Qc6 54. Qd8 Qc2+ 55. Qd2 Qc7 56. Qb2 Bc5 57. Qc3 Qa7 58. Nd2 Be7 59. Nf3 Qb7 60. Ke2 g5 61. g4 Qb6 62. Qd3 Qa5 63. Qc4 Bc5 64. h4 Qa3 65. Qd3 Qa2+ 66. Kf1 gxh4 67. Qe2 Qb1+ 68. Kg2 Qe4 69. Kh3 Bxe3 70. Nxh4 Qh1+ 71. Kg3 Qg1+ 72. Kf3 Bg5 73. Ng2 Qh2 74. Ke4 Qh1 75. Kf3 Qh3+ 76. Ke4 Qc3 77. Qa2 Qc6+ 78. Kd4 Qf3 0-1

[Event "XVII MetLife Najdorf Open 2017"]
[Site "Warsaw"]
[Date "2017.07.10"]
[Round "2.35"]
[White "Dzierzak, Radoslaw"]
[Black "Nasuta, Grzegorz"]
[Result "1-0"]
[ECO "B87"]
[WhiteElo "2231"]
[BlackElo "2455"]
[Annotator "ChessBase"]
[PlyCount "59"]
[EventDate "2017.??.??"]
[EventType "swiss"]
[EventCountry "POL"]
[SourceTitle "playchess.com"]
[Source "ChessBase"]
[SourceQuality "1"]
[TimeControl "40/5400+30:1800+30"]

1. e4 c5 2. Nf3 d6 3. d4 cxd4 4. Nxd4 Nf6 5. Nc3 a6 6. Bc4 e6 7. Bb3 b5 8. Bg5 Be7 9. Qf3 Qb6 10. O-O-O O-O 11. Rhe1 Nbd7 12. Qg3 Nc5 13. Bh6 Nxb3+ 14. axb3 Ne8 15. Nf5 exf5 16. exf5 Qd8 17. Rxe7 Qxe7 18. Nd5 Qe5 19. f4 Qxf5 20. Ne7+ Kh8 21. Nxf5 Bxf5 22. Qg5 Bg6 23. f5 gxh6 24. Qxh6 Ng7 25. g4 Kg8 26. h4 Rae8 27. f6 Ne6 28. Re1 Rc8 29. Rxe6 Rxc2+ 30. Kd1 1-0

[Event "XVII MetLife Najdorf Open 2017"]
[Site "Warsaw"]
[Date "2017.07.10"]
[Round "2.40"]
[White "Das, Arghyadip"]
[Black "Khalafova, Narmin"]
[Result "1-0"]
[ECO "D78"]
[WhiteElo "2416"]
[BlackElo "2224"]
[Annotator "ChessBase"]
[PlyCount "67"]
[EventDate "2017.??.??"]
[EventType "swiss"]
[EventCountry "POL"]
[SourceTitle "playchess.com"]
[Source "ChessBase"]
[SourceQuality "1"]
[TimeControl "40/5400+30:1800+30"]

1. Nf3 Nf6 2. g3 g6 3. Bg2 Bg7 4. O-O O-O 5. d4 d5 6. c4 c6 7. b3 Bf5 8. Bb2 Re8 9. Re1 a5 10. Nc3 Ne4 11. Rc1 Nd7 12. Nh4 Nxc3 13. Bxc3 Be6 14. e4 Nf6 15. exd5 cxd5 16. Qd3 Qd7 17. Nf3 Bf5 18. Qe2 Bh6 19. Ne5 Qd8 20. Rcd1 a4 21. h4 axb3 22. axb3 Qb6 23. Qb2 Be6 24. Ra1 Qc7 25. Qe2 b6 26. Bb4 Red8 27. Rxa8 Rxa8 28. g4 Bf4 29. g5 Ne4 30. cxd5 Bxe5 31. dxe5 Bxd5 32. Bxe4 Qxe5 33. Qb5 Ra1 34. Qxd5 1-0

[Event "XVII MetLife Najdorf Open 2017"]
[Site "Warsaw"]
[Date "2017.07.10"]
[Round "2.41"]
[White "Tomczak, Mikolaj"]
[Black "Zaleski, Lukasz"]
[Result "0-1"]
[ECO "A05"]
[WhiteElo "2395"]
[BlackElo "2220"]
[Annotator "NA"]
[PlyCount "104"]
[EventDate "2017.??.??"]
[EventType "swiss"]
[EventCountry "POL"]
[SourceTitle "playchess.com"]
[Source "ChessBase"]
[SourceQuality "1"]
[TimeControl "40/5400+30:1800+30"]

1. Nf3 Nf6 2. c4 e6 3. g3 b6 4. Bg2 Bb7 5. O-O c5 6. b3 Be7 7. Bb2 O-O 8. e3 d5 9. Qe2 Nc6 10. Rd1 Qc7 11. Nc3 dxc4 12. bxc4 Rac8 13. Ne1 Rfd8 14. f4 Ne8 15. Nf3 Bf6 16. g4 g6 17. g5 Bg7 18. h4 Nd6 19. h5 Nf5 20. hxg6 hxg6 21. d3 Na5 22. Nb5 Qb8 23. Bxg7 Nxg7 24. Qb2 Re8 25. Qf6 Nh5 26. Qe5 Qa8 27. Rf1 Red8 28. Rad1 Ng3 29. f5 Nxf5 30. Kf2 Qb8 31. Qxb8 Rxb8 32. Nxa7 Ra8 33. Nb5 Nxc4 34. dxc4 Rxa2+ 35. Kg1 Rxd1 36. Rxd1 Rxg2+ 37. Kxg2 Nxe3+ 38. Kg3 Nxd1 39. Ne5 Ne3 40. Nd6 Nf5+ 41. Nxf5 gxf5 42. Nd7 Bc6 43. Nxb6 e5 44. Nc8 f4+ 45. Kf2 Kg7 46. Ne7 Bb7 47. Ke2 e4 48. Kd2 e3+ 49. Kd3 Be4+ 50. Ke2 Kh7 51. Nc8 Kg6 52. Nd6 Bg2 0-1

[Event "XVII MetLife Najdorf Open 2017"]
[Site "Warsaw"]
[Date "2017.07.10"]
[Round "2.42"]
[White "Priyanka Nutakki"]
[Black "Gumularz, Szymon"]
[Result "0-1"]
[ECO "B06"]
[WhiteElo "2104"]
[BlackElo "2391"]
[Annotator "ChessBase"]
[PlyCount "124"]
[EventDate "2017.??.??"]
[EventType "swiss"]
[EventCountry "POL"]
[SourceTitle "playchess.com"]
[Source "ChessBase"]
[SourceQuality "1"]
[TimeControl "40/5400+30:1800+30"]

1. e4 g6 2. d4 Bg7 3. Nc3 c6 4. Be3 d5 5. Nf3 dxe4 6. Nxe4 Nd7 7. Bc4 Nh6 8. c3 Nf5 9. Qe2 O-O 10. O-O Qc7 11. Rad1 b6 12. Ng3 Nxe3 13. Qxe3 e6 14. Rfe1 Bb7 15. h3 Rfe8 16. Ne4 Rac8 17. Re2 h6 18. Ree1 Re7 19. Ng3 Nf6 20. Ne5 c5 21. dxc5 Qxc5 22. Bb3 Qc7 23. Qd2 Nd5 24. Ng4 h5 25. Ne3 Nf6 26. Qd6 Qxd6 27. Rxd6 Rc5 28. Ne2 Bh6 29. Nd4 Bf4 30. Rd8+ Kg7 31. Ndc2 g5 32. Rdd1 g4 33. Nd4 Re8 34. h4 Ba8 35. Re2 Ne4 36. Bc2 f5 37. Bb3 Kf6 38. Bc2 Re5 39. Nc4 Rc5 40. Ne3 Bb7 41. Nf1 Bb8 42. Nd2 Nd6 43. N4b3 Rcc8 44. Nc1 Rcd8 45. Nd3 Nf7 46. Nb3 Be4 47. Nb4 Rxd1+ 48. Bxd1 a5 49. Nc2 Ne5 50. Ncd4 Nd3 51. Nd2 Bd5 52. c4 Bb7 53. Ba4 Re7 54. Bc6 Be5 55. Bxb7 Bxd4 56. Ba6 g3 57. Nf3 Bxf2+ 58. Kf1 e5 59. b3 e4 60. Ng5 Nf4 61. Rc2 Rd7 62. Rc1 Rd2 0-1

[Event "XVII MetLife Najdorf Open 2017"]
[Site "Warsaw"]
[Date "2017.07.10"]
[Round "2.43"]
[White "Konguvel, Ponnuswamy"]
[Black "Baltic, Fatih"]
[Result "1-0"]
[ECO "C78"]
[WhiteElo "2388"]
[BlackElo "2210"]
[Annotator "ChessBase"]
[PlyCount "91"]
[EventDate "2017.??.??"]
[EventType "swiss"]
[EventCountry "POL"]
[SourceTitle "playchess.com"]
[Source "ChessBase"]
[SourceQuality "1"]
[TimeControl "40/5400+30:1800+30"]

1. e4 e5 2. Nf3 Nc6 3. Bb5 a6 4. Ba4 Nf6 5. O-O Bc5 6. c3 b5 7. Bb3 d6 8. a4 Bg4 9. d3 Na5 10. Ba2 b4 11. Nbd2 O-O 12. h3 Bxf3 13. Nxf3 bxc3 14. bxc3 h6 15. Re1 Re8 16. Nh4 d5 17. Qf3 c6 18. Nf5 Bf8 19. Qg3 Kh7 20. exd5 Nxd5 21. Bd2 Qf6 22. Ne3 Nf4 23. Ng4 Qf5 24. Nxe5 Nh5 25. Qh2 Bd6 26. d4 Rab8 27. Bb1 Rxb1 28. Raxb1 Bxe5 29. dxe5 Nc4 30. g4 Qd3 31. Bf4 Nxf4 32. Qxf4 Nxe5 33. Kg2 Ng6 34. Qf5 Rd8 35. Qxd3 Rxd3 36. Re3 Rd2 37. Kg3 f6 38. f4 Rd5 39. Rb6 Ra5 40. Rb4 Rc5 41. Rb7 a5 42. h4 h5 43. f5 Ne5 44. g5 Ng4 45. Rf3 Ne5 46. g6+ 1-0

[Event "XVII MetLife Najdorf Open 2017"]
[Site "Warsaw"]
[Date "2017.07.10"]
[Round "2.44"]
[White "Nurkiewicz, Maciej"]
[Black "Jaroch, Karol"]
[Result "1/2-1/2"]
[ECO "C05"]
[WhiteElo "2373"]
[BlackElo "2207"]
[Annotator "ChessBase"]
[PlyCount "55"]
[EventDate "2017.??.??"]
[EventType "swiss"]
[EventCountry "POL"]
[SourceTitle "playchess.com"]
[Source "ChessBase"]
[SourceQuality "1"]
[TimeControl "40/5400+30:1800+30"]

1. e4 e6 2. d4 d5 3. Nd2 Nf6 4. e5 Nfd7 5. Bd3 b6 6. Ne2 Ba6 7. Bxa6 Nxa6 8. O-O c5 9. c4 Nc7 10. cxd5 Nxd5 11. Ne4 Be7 12. Nf4 Nxf4 13. Bxf4 cxd4 14. Qxd4 O-O 15. Rfd1 Nc5 16. Nd6 Qd7 17. Rac1 Rfd8 18. h3 Bxd6 19. exd6 Qb5 20. Be5 f6 21. Bxf6 gxf6 22. Qxf6 Rd7 23. b4 Rf8 24. Qe5 Rf5 25. Qe1 Kf7 26. bxc5 bxc5 27. Qe4 Qb6 28. g4 1/2-1/2

[Event "XVII MetLife Najdorf Open 2017"]
[Site "Warsaw"]
[Date "2017.07.10"]
[Round "2.45"]
[White "Nowak, Kamil"]
[Black "Szustakowski, Antoni"]
[Result "0-1"]
[ECO "E39"]
[WhiteElo "2362"]
[BlackElo "2171"]
[Annotator "ChessBase"]
[PlyCount "90"]
[EventDate "2017.??.??"]
[EventType "swiss"]
[EventCountry "POL"]
[SourceTitle "playchess.com"]
[Source "ChessBase"]
[SourceQuality "1"]
[TimeControl "40/5400+30:1800+30"]

1. d4 e6 2. c4 Nf6 3. Nc3 Bb4 4. Qc2 c5 5. dxc5 O-O 6. a3 Bxc5 7. Nf3 b6 8. Bf4 Nh5 9. Ng5 f5 10. Bc1 Bb7 11. e4 Nc6 12. Qd1 Nf6 13. exf5 exf5 14. Be2 h6 15. Nf3 Ne4 16. Qd5+ Kh8 17. O-O Nxc3 18. bxc3 d6 19. Qd3 Ne5 20. Nxe5 dxe5 21. Rd1 Qxd3 22. Rxd3 Be4 23. Rd1 f4 24. Bf3 Bxf3 25. gxf3 Rad8 26. Bb2 Rde8 27. Rd7 e4 28. fxe4 Rxe4 29. Rf1 a5 30. Rd3 Rxc4 31. Re1 f3 32. h3 Rh4 33. Kh2 Bxf2 34. Rf1 Bc5 35. Rfxf3 Rxf3 36. Rxf3 Ra4 37. Rf7 Bxa3 38. Bxa3 Rxa3 39. Rb7 Rb3 40. c4 a4 41. h4 h5 42. Ra7 Rb4 43. Rc7 a3 44. Ra7 Rxc4 45. Rxa3 Rxh4+ 0-1

[Event "XVII MetLife Najdorf Open 2017"]
[Site "Warsaw"]
[Date "2017.07.10"]
[Round "2.46"]
[White "Prince, Bajaj"]
[Black "Antolak, Julia"]
[Result "1-0"]
[ECO "B27"]
[WhiteElo "2344"]
[BlackElo "2144"]
[Annotator "ChessBase"]
[PlyCount "79"]
[EventDate "2017.??.??"]
[EventType "swiss"]
[EventCountry "POL"]
[SourceTitle "playchess.com"]
[Source "ChessBase"]
[SourceQuality "1"]
[TimeControl "40/5400+30:1800+30"]

1. e4 c5 2. Nf3 g6 3. d4 cxd4 4. Qxd4 Nf6 5. Nc3 Nc6 6. Qa4 d6 7. e5 dxe5 8. Nxe5 Bg7 9. Bb5 O-O 10. Nxc6 bxc6 11. Bxc6 Bd7 12. O-O Bxc6 13. Qxc6 Rc8 14. Qa6 Qc7 15. h3 Rfd8 16. Be3 Nd5 17. Nxd5 Rxd5 18. c3 Rb8 19. Qe2 a5 20. Rfd1 Rdb5 21. Rd2 h5 22. Rad1 Kh7 23. Qf3 Rf5 24. Qe4 Rb7 25. b3 Re5 26. Qf3 Rf5 27. Qe4 Rbb5 28. c4 Rbe5 29. Qa8 Re6 30. Rd7 Qe5 31. R7d5 Qe4 32. Qxa5 Be5 33. Qd2 Ref6 34. Qd3 Qh4 35. Qe2 e6 36. R5d4 Bf4 37. Bxf4 Rxf4 38. g3 Rxf2 39. Qxf2 Qxh3 40. Rh4 1-0

[Event "XVII MetLife Najdorf Open 2017"]
[Site "Warsaw"]
[Date "2017.07.10"]
[Round "2.47"]
[White "Lewtak, Damian"]
[Black "Fus, Jakub"]
[Result "1-0"]
[ECO "A45"]
[WhiteElo "2341"]
[BlackElo "2103"]
[Annotator "ChessBase"]
[PlyCount "87"]
[EventDate "2017.??.??"]
[EventType "swiss"]
[EventCountry "POL"]
[SourceTitle "playchess.com"]
[Source "ChessBase"]
[SourceQuality "1"]
[TimeControl "40/5400+30:1800+30"]

1. d4 Nf6 2. Bf4 g6 3. Nc3 d5 4. Nf3 Bg7 5. Qd2 O-O 6. Bh6 Nbd7 7. Bxg7 Kxg7 8. h4 h5 9. O-O-O c6 10. Ng5 Qa5 11. e4 dxe4 12. Bc4 Nb6 13. Bb3 Nbd5 14. Ncxe4 Qxd2+ 15. Rxd2 Nxe4 16. Nxe4 Bf5 17. f3 Rac8 18. Re1 Rfd8 19. Ng3 Be6 20. Ne2 Kf8 21. Bxd5 Bxd5 22. Nf4 Bc4 23. b3 Ba6 24. c4 b5 25. Re5 c5 26. dxc5 bxc4 27. b4 c3 28. Rxd8+ Rxd8 29. Rd5 Rb8 30. a3 Bc4 31. Rd4 Bf1 32. Rd1 Bb5 33. Nd5 a5 34. Nb6 axb4 35. axb4 Ke8 36. Kc2 Rd8 37. Rxd8+ Kxd8 38. f4 f6 39. Kxc3 e5 40. fxe5 fxe5 41. Nc4 e4 42. Kd4 Ke7 43. Nd6 Bf1 44. g3 1-0

[Event "XVII MetLife Najdorf Open 2017"]
[Site "Warsaw"]
[Date "2017.07.10"]
[Round "2.49"]
[White "Rakesh Kumar Jena"]
[Black "Nguyen, Piotr"]
[Result "1-0"]
[ECO "B31"]
[WhiteElo "2283"]
[BlackElo "2444"]
[Annotator "RC"]
[PlyCount "81"]
[EventDate "2017.??.??"]
[EventType "swiss"]
[EventCountry "POL"]
[SourceTitle "playchess.com"]
[Source "ChessBase"]
[SourceQuality "1"]
[TimeControl "40/5400+30:1800+30"]

1. e4 c5 2. Nf3 Nc6 3. Bb5 g6 4. Bxc6 bxc6 5. O-O Bg7 6. Re1 Rb8 7. c3 Nf6 8. d4 cxd4 9. cxd4 O-O 10. Nc3 d6 11. h3 Nd7 12. e5 dxe5 13. dxe5 Nc5 14. Nd4 Qc7 15. Qf3 Rd8 16. Qxc6 Qa5 17. Be3 Rxb2 18. Nb3 Qxc3 19. Red1 Rf8 20. Bd4 Rxb3 21. axb3 Qxa1 22. Bxa1 Nxb3 23. Bc3 Be6 24. Bb4 Bxe5 25. Bxe7 Rc8 26. Qe4 Bc3 27. g4 Kg7 28. g5 h6 29. Rd3 Bb2 30. Qb7 Rc1+ 31. Kg2 hxg5 32. Rxb3 Bxb3 33. Qxb3 Ba1 34. Bxg5 Rc7 35. Qa3 Bd4 36. Qd6 Rc4 37. Qd5 Ra4 38. h4 a5 39. Be7 Ba1 40. Qd1 Ra2 41. Qd8 1-0

[Event "XVII MetLife Najdorf Open 2017"]
[Site "Warsaw"]
[Date "2017.07.10"]
[Round "2.50"]
[White "AlHuwar, Jasem"]
[Black "Molenda, Marcin"]
[Result "0-1"]
[ECO "A06"]
[WhiteElo "2275"]
[BlackElo "2419"]
[Annotator "ChessBase"]
[PlyCount "102"]
[EventDate "2017.??.??"]
[EventType "swiss"]
[EventCountry "POL"]
[SourceTitle "playchess.com"]
[Source "ChessBase"]
[SourceQuality "1"]
[TimeControl "40/5400+30:1800+30"]

1. Nf3 d5 2. g3 Nf6 3. Bg2 c6 4. O-O Bf5 5. d3 e6 6. c4 dxc4 7. dxc4 Qxd1 8. Rxd1 Bc2 9. Rd2 Bg6 10. Ne5 Nbd7 11. Nxg6 hxg6 12. Nc3 Bb4 13. Rc2 a5 14. Bg5 Nc5 15. Bxf6 gxf6 16. Ne4 Nxe4 17. Bxe4 O-O-O 18. a3 Bc5 19. Rb1 f5 20. Bf3 a4 21. e3 Kc7 22. Bd1 Rd7 23. Rc3 Ra8 24. Kf1 e5 25. h4 e4 26. Rcc1 Be7 27. Bc2 Bf6 28. Rd1 Rxd1+ 29. Bxd1 Kd6 30. Ke2 Kc5 31. Bc2 Ra7 32. f3 exf3+ 33. Kxf3 Ra6 34. e4 fxe4+ 35. Kxe4 Bd4 36. g4 Rb6 37. b3 axb3 38. Rxb3 Rxb3 39. Bxb3 Bb2 40. h5 gxh5 41. gxh5 Bxa3 42. h6 Bb2 43. h7 Bh8 44. Ba2 Kb4 45. Bb1 Kxc4 46. Ba2+ Kc3 47. Bxf7 c5 48. Be8 c4 49. Bb5 Kb3 50. Kd5 c3 51. Bd3 b5 0-1

[Event "XVII MetLife Najdorf Open 2017"]
[Site "Warsaw"]
[Date "2017.07.10"]
[Round "2.51"]
[White "Selbes, Tarik"]
[Black "Moehn, Hans"]
[Result "0-1"]
[ECO "B42"]
[WhiteElo "2260"]
[BlackElo "2380"]
[Annotator "ChessBase"]
[PlyCount "88"]
[EventDate "2017.??.??"]
[EventType "swiss"]
[EventCountry "POL"]
[SourceTitle "playchess.com"]
[Source "ChessBase"]
[SourceQuality "1"]
[TimeControl "40/5400+30:1800+30"]

1. e4 c5 2. Nf3 e6 3. d4 cxd4 4. Nxd4 a6 5. Bd3 Qb6 6. Nb3 Qc7 7. O-O d6 8. f4 Nd7 9. Be3 Ngf6 10. a4 b6 11. N1d2 Bb7 12. Qe2 Be7 13. a5 b5 14. c4 b4 15. Ra4 O-O 16. Rxb4 d5 17. Rxb7 Qxb7 18. cxd5 exd5 19. e5 Ne4 20. Nd4 Nxd2 21. Qxd2 Nc5 22. Nf5 Nxd3 23. Qxd3 Bb4 24. Bd4 Rfe8 25. Rf3 Re6 26. Nxg7 Kxg7 27. f5 Rc6 28. e6+ Kf8 29. Qe3 Ke8 30. Rg3 fxe6 31. Rg8+ Bf8 32. fxe6 Qe7 33. Bg7 Rxe6 34. Rxf8+ Kd7 35. Rxa8 Rxe3 36. Ra7+ Kc6 37. Rxe7 Rxe7 38. Bc3 Kc5 39. Kf2 d4 40. Bd2 d3 41. Be3+ Kc4 42. g4 Kb3 43. Bh6 Re6 44. Bg5 h6 0-1

[Event "XVII MetLife Najdorf Open 2017"]
[Site "Warsaw"]
[Date "2017.07.10"]
[Round "2.52"]
[White "Krstulovic, Alex"]
[Black "Bartel, Michal"]
[Result "1/2-1/2"]
[ECO "D30"]
[WhiteElo "2252"]
[BlackElo "2343"]
[Annotator "ChessBase"]
[PlyCount "76"]
[EventDate "2017.??.??"]
[EventType "swiss"]
[EventCountry "POL"]
[SourceTitle "playchess.com"]
[Source "ChessBase"]
[SourceQuality "1"]
[TimeControl "40/5400+30:1800+30"]

1. d4 d5 2. c4 e6 3. Nf3 a6 4. cxd5 exd5 5. Nc3 c6 6. Qc2 Nf6 7. Bg5 h6 8. Bh4 g5 9. Bg3 Nh5 10. Be5 Ng7 11. e3 Nd7 12. Bxg7 Bxg7 13. Bd3 Nf6 14. O-O O-O 15. b4 Qd6 16. Rab1 b5 17. a4 Re8 18. Rfc1 Bb7 19. Ne2 Ne4 20. Bxe4 dxe4 21. Nd2 f5 22. Qb3+ Qe6 23. Ng3 Qxb3 24. Nxb3 bxa4 25. Nc5 Bc8 26. Nxa4 f4 27. Ne2 Rb8 28. Nc5 Rb6 29. Nc3 Bf8 30. N3xe4 Bf5 31. Nf6+ Kf7 32. Nxe8 Bxb1 33. Rxb1 Kxe8 34. Re1 Rxb4 35. Nxa6 Ra4 36. Nc5 Bxc5 37. dxc5 fxe3 38. Rxe3+ Kf7 1/2-1/2

[Event "XVII MetLife Najdorf Open 2017"]
[Site "Warsaw"]
[Date "2017.07.10"]
[Round "2.53"]
[White "Zochowski, Kacper"]
[Black "Pacan-Milej, Kosma"]
[Result "1/2-1/2"]
[ECO "A11"]
[WhiteElo "2240"]
[BlackElo "2332"]
[Annotator "NA"]
[PlyCount "65"]
[EventDate "2017.??.??"]
[EventType "swiss"]
[EventCountry "POL"]
[SourceTitle "playchess.com"]
[Source "ChessBase"]
[SourceQuality "1"]
[TimeControl "40/5400+30:1800+30"]

1. c4 c6 2. g3 d5 3. Bg2 Nf6 4. Nf3 dxc4 5. a4 g6 6. Na3 Bg7 7. Nxc4 Be6 8. b3 O-O 9. Bb2 a5 10. O-O Nbd7 11. Rc1 Qc7 12. d4 Rfd8 13. Ba3 Bf8 14. e3 Bd5 15. Qe2 Ne4 16. Ne1 e5 17. Bxf8 Kxf8 18. Qb2 exd4 19. Qxd4 Bxc4 20. Rxc4 Nef6 21. Nf3 Kg7 22. Qb2 Nb6 23. Rf4 Nbd5 24. Rd4 Nb4 25. Rfd1 Rxd4 26. Qxd4 Re8 27. h3 Re7 28. Kh2 Rd7 29. Qa1 Rxd1 30. Qxd1 Qd7 31. Qa1 Qd6 32. Ne5 Nd3 33. Nc4 1/2-1/2

[Event "XVII MetLife Najdorf Open 2017"]
[Site "Warsaw"]
[Date "2017.07.10"]
[Round "2.54"]
[White "Martin, Julian"]
[Black "Chylewski, Patryk"]
[Result "1-0"]
[ECO "C48"]
[WhiteElo "2332"]
[BlackElo "2275"]
[Annotator "ChessBase"]
[PlyCount "77"]
[EventDate "2017.??.??"]
[EventType "swiss"]
[EventCountry "POL"]
[SourceTitle "playchess.com"]
[Source "ChessBase"]
[SourceQuality "1"]
[TimeControl "40/5400+30:1800+30"]

1. e4 e5 2. Nf3 Nc6 3. Nc3 Nf6 4. Bb5 Nd4 5. Ba4 Nxf3+ 6. gxf3 Bc5 7. Rg1 Nh5 8. d4 Bxd4 9. Ne2 Qf6 10. Nxd4 exd4 11. Rg5 g6 12. Rd5 O-O 13. Bg5 Qb6 14. Bb3 d6 15. Bh6 Ng7 16. Qd2 Be6 17. Rxd4 a5 18. Qc3 Nh5 19. Bxf8 Rxf8 20. Qe3 Qc5 21. O-O-O Qe5 22. Kb1 c5 23. Rxd6 c4 24. Ba4 b5 25. f4 Nxf4 26. Bxb5 Qxb5 27. Qxf4 c3 28. b3 a4 29. Rd8 axb3 30. Rxf8+ Kxf8 31. Qd6+ Kg8 32. Qd8+ Kg7 33. Qd4+ Kh6 34. axb3 Bxb3 35. Qe3+ Kh5 36. Qh3+ Kg5 37. Rg1+ Kf4 38. Rg4+ Ke5 39. Qxc3+ 1-0

[Event "XVII MetLife Najdorf Open 2017"]
[Site "Warsaw"]
[Date "2017.07.10"]
[Round "2.55"]
[White "Kowalski, Igor"]
[Black "Baskin, Robert"]
[Result "1/2-1/2"]
[ECO "E32"]
[WhiteElo "2226"]
[BlackElo "2330"]
[Annotator "ChessBase"]
[PlyCount "51"]
[EventDate "2017.??.??"]
[EventType "swiss"]
[EventCountry "POL"]
[SourceTitle "playchess.com"]
[Source "ChessBase"]
[SourceQuality "1"]
[TimeControl "40/5400+30:1800+30"]

1. d4 Nf6 2. c4 e6 3. Nc3 Bb4 4. Qc2 b6 5. e4 c5 6. d5 Qe7 7. Nge2 exd5 8. exd5 d6 9. Bg5 Nbd7 10. O-O-O h6 11. Bh4 O-O 12. a3 Ba5 13. Na2 b5 14. cxb5 a6 15. Nec3 Re8 16. bxa6 Bxa6 17. Bxa6 Rxa6 18. f3 Qe3+ 19. Qd2 Nxd5 20. Qxe3 Nxe3 21. Rhe1 Re6 22. Rd2 Nf5 23. Rxe6 fxe6 24. Bf2 Bxc3 25. Nxc3 d5 26. Nxd5 1/2-1/2

[Event "XVII MetLife Najdorf Open 2017"]
[Site "Warsaw"]
[Date "2017.07.10"]
[Round "2.56"]
[White "Nowak, Lukasz"]
[Black "Nowicki, Bartosz"]
[Result "0-1"]
[ECO "B20"]
[WhiteElo "2327"]
[BlackElo "2262"]
[Annotator "ChessBase"]
[PlyCount "114"]
[EventDate "2017.??.??"]
[EventType "swiss"]
[EventCountry "POL"]
[SourceTitle "playchess.com"]
[Source "ChessBase"]
[SourceQuality "1"]
[TimeControl "40/5400+30:1800+30"]

1. e4 d6 2. d4 g6 3. Bc4 Bg7 4. Nf3 a6 5. c3 b5 6. Bb3 Nf6 7. Qe2 O-O 8. a4 bxa4 9. Rxa4 Nfd7 10. Nbd2 Nb6 11. Ra1 a5 12. O-O Ba6 13. c4 a4 14. Bxa4 Bxc4 15. Nxc4 Rxa4 16. Rxa4 Nxa4 17. Qc2 Qd7 18. Be3 c5 19. e5 cxd4 20. Bxd4 dxe5 21. Ncxe5 Qb5 22. Rc1 Nd7 23. Qc4 Qxc4 24. Rxc4 Nab6 25. Rc7 Nxe5 26. Bxe5 Rc8 27. Rxc8+ Nxc8 28. Kf1 Nb6 29. Ke2 Bxe5 30. Nxe5 f6 31. Nd3 e5 32. Ke3 Kf7 33. f4 Ke6 34. fxe5 fxe5 35. b3 Nd5+ 36. Kf3 Nc3 37. Ke3 Nd5+ 38. Kf3 Nc3 39. Nf2 Kd5 40. Ke3 h5 41. Kd3 Na2 42. Ne4 Nc1+ 43. Ke3 Nxb3 44. g4 Nc5 45. Nxc5 Kxc5 46. gxh5 gxh5 47. Ke4 Kd6 48. Ke3 Kd5 49. Kd3 e4+ 50. Ke3 Ke5 51. Ke2 Kf4 52. Kf2 h4 53. Ke2 e3 54. Ke1 Kf3 55. Kf1 e2+ 56. Ke1 Ke3 57. h3 Kf3 0-1

[Event "XVII MetLife Najdorf Open 2017"]
[Site "Warsaw"]
[Date "2017.07.10"]
[Round "2.57"]
[White "Walter, Szymon"]
[Black "Paszewski, Mateusz"]
[Result "0-1"]
[ECO "B12"]
[WhiteElo "2220"]
[BlackElo "2323"]
[Annotator "NA"]
[PlyCount "88"]
[EventDate "2017.??.??"]
[EventType "swiss"]
[EventCountry "POL"]
[SourceTitle "playchess.com"]
[Source "ChessBase"]
[SourceQuality "1"]
[TimeControl "40/5400+30:1800+30"]

1. e4 c6 2. d4 d5 3. e5 Bf5 4. Ne2 e6 5. Ng3 Bg6 6. c3 c5 7. Bb5+ Nc6 8. O-O Qb6 9. Ba4 cxd4 10. cxd4 Nge7 11. Nc3 h5 12. Nge2 Bf5 13. Bg5 Ng6 14. Rc1 Rc8 15. Qd2 h4 16. h3 Rh5 17. a3 f6 18. Be3 Rh8 19. b4 Kf7 20. Qa2 Qd8 21. Rfd1 Be7 22. Bb3 Qd7 23. Nxd5 exd5 24. Bxd5+ Kf8 25. e6 Qd8 26. Bb3 Bd6 27. d5 Nce7 28. Nd4 a6 29. b5 Ne5 30. bxa6 bxa6 31. f4 Rxc1 32. Rxc1 Nd3 33. Rc3 Nxf4 34. Nxf5 Nxf5 35. Qc2 Ne7 36. Qd2 g5 37. Qc2 Kg7 38. Bxf4 Bxf4 39. Qe4 Qb6+ 40. Kf1 Rd8 41. Rd3 Rc8 42. Ke2 Rc1 43. Qd4 Qd6 44. a4 Nf5 0-1

[Event "XVII MetLife Najdorf Open 2017"]
[Site "Warsaw"]
[Date "2017.07.10"]
[Round "2.58"]
[White "Lewicki, Miroslaw"]
[Black "Zlatin, Alexander"]
[Result "1/2-1/2"]
[ECO "C77"]
[WhiteElo "2323"]
[BlackElo "2259"]
[Annotator "ChessBase"]
[PlyCount "91"]
[EventDate "2017.??.??"]
[EventType "swiss"]
[EventCountry "POL"]
[SourceTitle "playchess.com"]
[Source "ChessBase"]
[SourceQuality "1"]
[TimeControl "40/5400+30:1800+30"]

1. e4 e5 2. Nf3 Nc6 3. Bb5 a6 4. Ba4 Nf6 5. d3 b5 6. Bb3 Bc5 7. c3 d6 8. O-O O-O 9. Bg5 h6 10. Bh4 Bb6 11. a4 Rb8 12. Qd2 Qe7 13. h3 Be6 14. Bxe6 Qxe6 15. Na3 Na5 16. Qc2 g5 17. b4 Nb3 18. Rab1 bxa4 19. Bg3 Nh5 20. Kh2 f5 21. exf5 Qxf5 22. Nd2 Nxd2 23. Qxd2 Nf4 24. Bxf4 gxf4 25. f3 Kh8 26. Qc2 Qh5 27. Qxa4 Rg8 28. Rb2 Rg3 29. Nc4 Qf5 30. Nxb6 cxb6 31. Qxa6 Rbg8 32. Qxb6 Qxd3 33. Rg1 e4 34. fxe4 Qxc3 35. Rf2 Qe5 36. Rf3 Rxf3 37. gxf3 Qb2+ 38. Kh1 Rxg1+ 39. Qxg1 Qxb4 40. Qc1 h5 41. Qc8+ Kg7 42. Qd7+ Kf6 43. Qd8+ Kf7 44. Qd7+ Kf6 45. Qd8+ Kf7 46. Qd7+ 1/2-1/2